 Dungeon Crawl Stone Soup version 0.19-a0-1895-g783e625 (webtiles) character file.

192 LORDOFBUTT the Chopper (level 5, -2/47 HPs)
             Began as a Minotaur Fighter on Oct 18, 2016.
             Slain by a worker ant (3 damage)
             ... on level 6 of the Dungeon on Oct 20, 2016.
             The game lasted 00:02:04 (1608 turns).

LORDOFBUTT the Chopper (Minotaur Fighter)           Turns: 1608, Time: 00:02:05

Health: -2/47      AC:  7    Str: 25    XL:     5   Next: 42%
Magic:  4/4        EV:  8    Int:  5    God:
Gold:   129        SH: 10    Dex: 11    Spells: 0 memorised, 4 levels left

rFire  . . .     SeeInvis .     a - +0 war axe
rCold  . . .     Gourm    .     b - +0 scale mail
rNeg   . . .     Faith    .     c - +0 shield
rPois  .         Spirit   .     (helmet restricted)
rElec  .         Reflect  .     (no cloak)
rCorr  +         Harm     .     (no gloves)
MR     .....                    (no boots)
Stlth  +.........               (no amulet)
                                o - ring of resist corrosion
                                e - ring of stealth

@: mighty
A: retaliatory headbutt, horns 2
a: no special abilities


You were on level 6 of the Dungeon.
You were hungry.

You visited 1 branch of the dungeon, and saw 4 of its levels.

You collected 129 gold pieces.

Inventory:

Hand Weapons
 a - a +0 war axe (weapon)
Armour
 b - a +0 scale mail (worn)
 c - a +0 shield (worn)
Jewellery
 e - a ring of stealth (left hand)
 o - a ring of resist corrosion (right hand)
 t - an uncursed ring of stealth
Scrolls
 h - 6 scrolls of remove curse {unknown}
 j - 2 scrolls of amnesia {unknown}
 n - 2 scrolls of teleportation {unknown}
 q - 2 scrolls of identify {unknown}
 s - a scroll of fog {unknown}
 v - a scroll of magic mapping {unknown}
Potions
 i - 2 potions of heal wounds {unknown}
 k - 2 potions of curing {unknown}
 l - a potion of invisibility {unknown}
 m - 2 potions of haste {unknown}
 p - a potion of lignification {unknown}
 r - a potion of berserk rage {unknown}
 u - 2 potions of brilliance {unknown}
Comestibles
 f - 4 bread rations
 g - a beef jerky


   Skills:
 + Level 4.3 Fighting
 + Level 4.8 Axes
 + Level 4.6 Armour
 + Level 0.9 Dodging
 + Level 0.5 Stealth
 + Level 4.4 Shields


You had 4 spell levels left.
You didn't know any spells.

Dungeon Overview and Level Annotations

Branches:
Dungeon (3/15)

Altars:
Ashenzari


Innate Abilities, Weirdness & Mutations

You reflexively headbutt those who attack you in melee.
You have a pair of horns on your head.


Message History

You block the jackal's attack.
You slash the orc!
You kill the orc!
You closely miss the orc warrior. You hit the jackal.
The jackal closely misses you. You block the jackal's attack.
You block the orc warrior's attack.
You slash the jackal!
You kill the jackal!
You closely miss the worker ant. You closely miss the orc warrior.
You slash the jackal!
You kill the jackal!
The worker ant bites you but does no damage.
You block the orc warrior's attack. The ogre hits you with a giant club!
* * * LOW HITPOINT WARNING * * *
The worker ant closely misses you. You furiously retaliate!
You headbutt the worker ant. The ogre hits you with a giant club.
* * * LOW HITPOINT WARNING * * *
The worker ant bites you.
You die...

.....<....#
..$.......
.........#######
........##..[.#
#.>.....$..##
#......†....#
#<...Wo.....#
#....aO.....#
#....@o...).#
#....#####+##
#....# #....#
......# .##....
#.... #W...


You could see 2 phantoms, an orc warrior, an ogre, a worker ant and an orc.

Vanquished Creatures
  A bullfrog (D:6)
  A crimson imp (D:6)
  4 adders (D:2)
  An ooze (D:3)
  2 worms
  An orc (D:6)
  2 ball pythons
  2 bats
  4 giant cockroaches
  A goblin (D:1)
  7 hobgoblins
  7 jackals
  7 kobolds
  4 rats
44 creatures vanquished.

Notes
Turn   | Place    | Note
-------+----------+-------------------------------------------
     0 | D:1      | LORDOFBUTT the Minotaur Fighter began the quest for the Orb.
     0 | D:1      | Reached XP level 1. HP: 19/19 MP: 0/0
    81 | D:1      | Reached XP level 2. HP: 25/27 MP: 1/1
   286 | D:1      | Found a shattered altar of Ashenzari.
   563 | D:2      | Reached XP level 3. HP: 28/33 MP: 2/2
  1226 | D:2      | Reached XP level 4. HP: 40/40 MP: 3/3
  1574 | D:3      | You fall through a shaft for 3 floors!
  1574 | D:6      | Noticed a bullfrog
  1579 | D:6      | Noticed a phantom
  1582 | D:6      | Killed a bullfrog
  1582 | D:6      | Reached XP level 5. HP: 31/47 MP: 4/4
  1592 | D:6      | Noticed an orc warrior
  1594 | D:6      | Noticed an ogre
  1608 | D:6      | HP: 1/47 [ogre/giant club (6)]
  1608 | D:6      | Slain by a worker ant

Vault maps used:
D:1:      scummos_arrival_simple_crosswalls, nicolae_ashenzari_panopticon
D:6:      black_bear_nest_1, nicolae_overflow_crystal_walls

Skill      XL: |  1  2  3  4 |
---------------+-------------+-----
Armour         | 4 |  4.6
Shields        | 4 |  4.4
Fighting       | 4 |  4.3
Axes           | 3 4 |  4.8
Dodging        | |  0.9
Stealth        | |  0.5

Action                   |  1- 3 |  4- 6 || total
-------------------------+-------+-------++-------
Melee: War axe           |    82 |    30 ||   112
       Headbutt          |     8 |     2 ||    10
  Use: Potion            |       |     1 ||     1
 Stab: Sleeping          |       |     1 ||     1
  Eat: Beef jerky        |       |     1 ||     1
Armor: Scale mail        |    44 |    10 ||    54
Dodge: Dodged            |    22 |    14 ||    36
Block: Shield            |    35 |    27 ||    62
